Map: Lerilak Crest

Players

WhisperQuite - Winner!

  • Race: Protoss Protoss

juhyg

  • Race: Zerg Zerg
  • League: Bronze

VOD

Have the link to the VOD?

Description

Time

  • Played on: Nov. 18, 2015, 5:50 p.m.
  • Length: 6:18
Show
View Real Time Build Order
Export as new Build Order

WhisperQuite Protoss - Winner!

Build Orders: Oracle Opening 

Get SALT Encoding   

  12  0:02  Probe (Chrono Boost)  
  13  0:12  Probe (Chrono Boost)  
  14  0:21  Pylon  
  14  0:28  Probe (Chrono Boost)  
  15  0:40  Probe (Chrono Boost)  
  15  0:42  Gateway  
  16  0:50  Probe (Chrono Boost)  
  16  0:53  Assimilator  
  17  1:01  Probe (Chrono Boost)  
  18  1:04  Assimilator  
  18  1:09  Pylon  
  19  1:11  Probe (Chrono Boost)  
  19  1:22  Probe (Chrono Boost)  
  20  1:32  Cybernetics Core, Probe (Chrono Boost)  
  21  1:42  Zealot  
  21  1:43  Probe (Chrono Boost)  
  24  1:53  Probe (Chrono Boost)  
  25  2:07  Probe (Chrono Boost)  
  26  2:13  Stargate  
  26  2:18  Mothership Core (Chrono Boost)  
  28  2:35  Sentry  
  30  2:37  Probe (Chrono Boost)  
  31  2:54  Pylon  
  31  3:00  Pylon  
  31  3:12  Oracle, Pylon  
  34  3:15  Pylon  
  34  3:20  Zealot  
  36  3:37  Protoss Air Weapons Level 1  
  36  3:39  Nexus  
  36  3:47  Stalker  
  38  3:51  Robotics Facility  
  38  4:01  Pylon  
  38  4:09  Oracle  
  41  4:35  Probe (Chrono Boost)  
  42  4:39  Forge  
  42  4:44  Zealot  
  44  4:49  Observer  
  45  4:58  Gateway  
  45  5:01  Gateway  
  47  5:07  Probe x2 (Chrono Boost)  
  47  5:10  Warp Prism  
  49  5:16  Sentry  
  48  5:31  Photon Cannon  
  48  5:33  Photon Cannon  
  48  5:38  Pylon  
  48  5:42  Stalker  
  48  6:12  Photon Cannon  
  48  6:14  Photon Cannon  
Show
View Real Time Build Order
Export as new Build Order

juhyg Zerg 

Build Orders: Pool First 

Get SALT Encoding   

  12  0:10  Overlord  
  12  0:13  Drone  
  13  0:30  Spawning Pool  
  13  0:35  Drone  
  13  0:39  Drone  
  14  0:44  Drone  
  15  0:51  Drone  
  15  0:55  Extractor  
  15  1:00  Drone  
  16  1:11  Drone  
  17  1:25  Queen  
  19  1:48  Drone x2, Overlord  
  21  2:13  Lair  
  21  2:33  Extractor  
  20  2:43  Drone x2  
  22  2:45  Drone  
  23  3:04  Zergling x2  
  24  3:07  Zergling x2  
  24  3:08  Metabolic Boost  
  25  3:21  Spire  
  24  4:01  Zergling x4  
  24  4:02  Zergling x2, Overlord x2  
  26  4:35  Mutalisk x2  
  26  4:36  Mutalisk x2  
  26  4:37  Zergling x2  
  35  5:12  Mutalisk x2  
  39  5:27  Zergling x2  
  39  5:28  Zergling x6  
  43  5:32  Hatchery  
Tags
 
Add a new tag
Caveats
  • Supply blocks, unpowered buildings, or Contaminate may cause inaccurate times.
  • Supply counts are checked every 10 seconds.